 Dungeon Crawl Stone Soup version 0.24-a0-520-g8fd06ad (webtiles) character file.

Game seed: 16843663794711107483

56 Spazmo the Magician (level 3, -1/19 HPs)
             Began as a Deep Elf Wizard on July 24, 2019.
             Slain by Terence
             ... wielding a +0 hand axe
              (9 damage)
             ... on level 2 of the Dungeon.
             The game lasted 00:04:01 (1563 turns).

Spazmo the Magician (Deep Elf Wizard)               Turns: 1563, Time: 00:04:01

Health: -1/19      AC:  2    Str:  4    XL:     3   Next: 71%
Magic:  1/12       EV: 13    Int: 23    God:
Gold:   86         SH:  0    Dex: 13    Spells: 8/13 levels left

rFire    . . .     SeeInvis .   (no weapon)
rCold    . . .     Gourm    .   (no shield)
rNeg     . . .     Faith    .   a - +0 robe
rPois    .         Spirit   .   b - +0 hat
rElec    .         Reflect  .   (no cloak)
rCorr    .         Harm     .   (no gloves)
MR       .....                  (no boots)
Stlth    ++........             (no amulet)
HPRegen  0.06/turn              (no ring)
MPRegen  0.13/turn              (no ring)

@: no status effects
A: no striking features
a: no special abilities


You were on level 2 of the Dungeon.
You were not hungry.

You visited 1 branch of the dungeon, and saw 2 of its levels.

You collected 86 gold pieces.

Inventory:

Missiles
 c - 137 stones (quivered)
Armour
 a - a +0 robe (worn)
 b - a +0 hat (worn)
Scrolls
 e - a scroll of teleportation {unknown}
 g - 2 scrolls of remove curse
 i - a scroll of fog {unknown}
 l - a scroll of fear
 n - a scroll of blinking {unknown}
 o - a scroll of enchant armour {unknown}
Potions
 h - 2 potions of curing {unknown}
 j - a potion of cancellation {unknown}
 k - a potion of might {unknown}
 m - a potion of agility {unknown}
Comestibles
 d - 6 rations
 f - 2 chunks of flesh


   Skills:
 - Level 2.4 Dodging
 - Level 2.4 Stealth
 + Level 5.5 Spellcasting
 + Level 2.9 Conjurations
 - Level 1.1 Summonings
 - Level 1.1 Translocations


You had 8 spell levels left.
You knew the following spells:

 Your Spells              Type           Power        Failure   Level  Hunger
a - Magic Dart            Conj           ###.         2%          1    None
b - Blink                 Tloc           N/A          9%          2    None
c - Call Imp              Summ           ##......     9%          2    None

Your spell library contained the following spells:

 Spells                   Type           Power        Failure   Level  Hunger
 Slow                     Hex            #.......     14%         2    None
 Conjure Flame            Conj/Fire      ##......     14%         3    ##.....
 Mephitic Cloud           Conj/Pois/Air  ##......     19%         3    ##.....


Dungeon Overview and Level Annotations

Branches:
Dungeon (2/15)

Altars:
Dithmenos

Annotations:
D:2 Terence


Message History

The magic dart hits Terence.
Terence is moderately wounded.
Terence hits you with a +0 hand axe.
Casting: Magic Dart (safe; 2% risk of failure)
Confirm with . or Enter, or press ? or * to list all spells.
Aiming: Magic Dart (safe; 2% risk of failure)
Press: ? - help, Shift-Dir - straight line, f/p - Terence
Aim: Terence, wielding a +0 hand axe and wearing a +3 chain mail of fire resistance (moderately wounded)
The magic dart hits Terence but does no damage.
Terence is moderately wounded.
Terence hits you with a +0 hand axe.
Casting: Magic Dart (safe; 2% risk of failure)
Confirm with . or Enter, or press ? or * to list all spells.
Aiming: Magic Dart (safe; 2% risk of failure)
Press: ? - help, Shift-Dir - straight line, f/p - Terence
Aim: Terence, wielding a +0 hand axe and wearing a +3 chain mail of fire resistance (moderately wounded)
The magic dart hits Terence but does no damage.
Terence is moderately wounded.
Terence hits you with a +0 hand axe!
You die...

...........###
.............#
...#.......#.#
...#.......#.#
...#.......#.#
.###......)#.#######
.# ##.#####........#
.# #.# #..#####.# .#
#.# #..#..@#.# ##
#.# #..#.@.#.# #.#
#......#.#
#.######.#.#.#.#
#.##.....#.#.#.#
#####.##.#####.#.#.#
....#.##.# #.#.#.#
....#.##.# #.#.#.#
......##.# #.#.#.#


You could see Terence.

Vanquished Creatures
  2 adders (D:2)
  2 dart slugs (D:1)
  2 leopard geckos (D:2)
  4 giant cockroaches
  5 hobgoblins
  5 bats
  2 frilled lizards
  3 goblins
  2 kobolds (D:2)
  5 rats
32 creatures vanquished.

Vanquished Creatures (collateral kills)
  A jackal (D:2)
1 creature vanquished.

Grand Total: 33 creatures vanquished

Notes
Turn   | Place    | Note
-------+----------+-------------------------------------------
     0 | D:1      | Spazmo the Deep Elf Wizard began the quest for the Orb.
     0 | D:1      | Reached XP level 1. HP: 10/10 MP: 7/7
   502 | D:1      | Reached XP level 2. HP: 15/15 MP: 6/9
   506 | D:1      | Learned a level 2 spell: Blink
   509 | D:1      | Learned a level 2 spell: Call Imp
   657 | D:1      | Reached skill level 5 in Spellcasting
  1030 | D:2      | Reached XP level 3. HP: 19/19 MP: 6/11
  1342 | D:2      | Found a shadowy altar of Dithmenos.
  1466 | D:2      | Noticed Terence
  1563 | D:2      | Slain by Terence

Levels and vault maps discovered:
D:1:      lemuel_arrival_room, layout_basic
D:2:      layout_basic, lemuel_crystal_altar, first_ration,
          minmay_misc_feat_encased, kennysheep_generic_room_15, uniq_terence

Skill      XL: |  1  2 |
---------------+-------+-----
Conjurations   | 2 |  2.9
Spellcasting   | 5 |  5.5
Dodging        | |  2.4
Stealth        | |  2.4
Summonings     | |  1.1
Translocations | |  1.1

Action                   || total
-------------------------++-------
Melee: Spear             ||     2
 Cast: Magic Dart        ||    91
       Blink             ||     2
       Call Imp          ||     2
  Use: Scroll            ||     4
  Eat: Chunk             ||     2
Armor: Robe              ||     3
Dodge: Dodged            ||    20

Table legend:
 A = Non-vault XP
 B = Vault XP
 C = Vault XP percentage of total XP
 D = Non-vault monster count
 E = Vault monster count
 F = Vault count percentage of total count
                 A         B        C        D         E       F
            +---------+---------+-------+---------+---------+-------
      Total |      79 |       2 |   2.5 |      32 |       1 |   3.0
            +---------+---------+-------+---------+---------+-------
        D:1 |      27 |       0 |   0.0 |      15 |       0 |   0.0
        D:2 |      52 |       2 |   3.7 |      17 |       1 |   5.6
            +---------+---------+-------+---------+---------+-------
